Map: Yellowjacket

Players

Naidden

  • Race: Zerg Zerg
  • Spawn Location: 9:00

ADYGENIUS

  • Race: Protoss Protoss
  • Spawn Location: 7:00

TGMS

  • Race: Zerg Zerg
  • Spawn Location: 1:00

kxcl

  • Race: Terran Terran
  • Spawn Location: 3:00

VOD

Have the link to the VOD?

Description

Time

  • Played on: Feb. 23, 2025, 12:04 p.m.
  • Length: 9:21
Show
View Real Time Build Order
Export as new Build Order

Naidden Zerg 

Build Orders: Hatch First 

Get SALT Encoding   

  12  0:00  Drone  
  13  0:08  Drone  
  14  0:22  Extractor  
  14  0:27  Extractor  
  14  0:28  Drone  
  15  0:46  Hatchery  
  14  0:57  Spawning Pool  
  14  0:58  Drone  
  14  1:05  Overlord  
  14  1:17  Drone, Extractor  
  14  1:23  Drone x2  
  16  1:44  Zergling x4  
  16  1:45  Queen  
  20  1:56  Drone  
  20  1:59  Queen  
  20  2:01  Drone  
  24  2:13  Overlord  
  24  2:15  Drone  
  24  2:19  Drone  
  26  2:42  Drone x2  
  26  2:43  Drone  
  29  2:49  Zergling x6  
  32  3:09  Roach Warren  
  29  3:28  Drone x3  
  29  3:29  Drone x2  
  29  3:32  Extractor  
  29  3:33  Overlord  
  29  3:34  Drone x3  
  36  3:41  Overlord  
  36  3:42  Overlord  
  36  3:51  Lair  
  36  4:11  Hatchery  
  36  4:12  Roach x2  
  36  4:13  Roach x3  
  45  4:28  Spore Crawler  
  44  4:41  Roach  
  44  4:42  Roach x4  
  54  4:46  Extractor  
  53  5:28  Zergling x14  
  57  5:29  Zergling x12  
  57  5:30  Overlord x3  
  57  5:34  Glial Reconstitution  
  66  5:35  Metabolic Boost  
  66  5:40  Baneling Nest  
  65  5:45  Drone  
  65  5:48  Queen  
  68  5:55  Drone x2  
  70  6:19  Drone x2  
  70  6:20  Drone x3  
  70  6:24  Drone x2  
  70  6:25  Drone x4  
  81  6:28  Drone x2  
  83  6:40  Hydralisk Den  
  83  6:43  Infestation Pit  
  83  6:47  Drone, Evolution Chamber  
  82  6:48  Drone, Evolution Chamber  
  82  6:52  Extractor  
  80  6:54  Drone x2  
  80  6:55  Drone  
  71  7:23  Hydralisk x4  
  71  7:24  Hydralisk x4  
  87  7:39  Overlord, Drone x2  
  85  8:12  Roach x5  
  89  8:13  Roach x5  
  95  8:31  Zergling x2  
  95  8:32  Zergling x4  
Show
View Real Time Build Order
Export as new Build Order

ADYGENIUS Protoss 

Build Orders:  

Get SALT Encoding   

  12  0:00  Probe  
  13  0:18  Probe  
  13  0:19  Pylon  
  13  0:27  Probe  
  15  0:39  Forge  
  15  0:53  Gateway  
  15  1:02  Probe  
  16  1:07  Pylon  
  16  1:10  Assimilator  
  16  1:14  Probe  
  17  1:41  Probe, Assimilator  
  18  1:54  Nexus  
  18  2:14  Pylon  
  18  2:17  Cybernetics Core  
  18  2:18  Probe  
  19  2:26  Zealot, Probe  
  21  2:36  Probe  
  23  2:47  Warp Gate  
  23  2:54  Pylon  
  23  3:00  Probe  
  24  3:08  Probe  
  25  3:14  Photon Cannon  
  25  3:15  Photon Cannon  
  25  3:18  Probe  
  25  3:22  Stalker  
  28  3:29  Probe, Gateway  
  28  3:30  Gateway  
  29  3:37  Probe  
  30  3:50  Protoss Ground Weapons Level 1  
  30  3:55  Robotics Facility  
  30  3:59  Twilight Council  
  30  4:02  Probe  
  31  4:11  Probe  
  31  4:14  Probe  
  33  4:18  Stalker  
  33  4:19  Probe  
  36  4:26  Probe  
  37  4:38  Stalker  
  37  4:43  Photon Cannon  
  39  4:48  Assimilator  
  39  4:49  Assimilator  
  39  4:50  Probe  
  40  5:01  Stalker  
  40  5:02  Stalker, Probe  
  40  5:06  Stalker  
  47  5:14  Probe  
  47  5:17  Charge  
  46  5:31  Zealot x2  
  46  5:32  Zealot  
  52  5:38  Stargate  
  52  5:40  Pylon  
  52  5:42  Probe  
  53  5:43  Probe  
  54  5:54  Probe  
  54  5:58  Probe  
  54  6:00  Pylon  
  54  6:02  Pylon  
  56  6:04  Pylon  
  56  6:10  Probe  
  57  6:13  Stalker  
  57  6:15  Stalker  
  61  6:22  Probe  
  62  6:28  Gateway  
  62  6:29  Gateway  
  62  6:34  Probe, Pylon  
  62  6:35  Immortal  
  63  6:47  Probe  
  68  6:59  Probe  
  68  7:00  Zealot x2  
  73  7:01  Zealot  
  73  7:05  Protoss Ground Armor Level 1  
  75  7:11  Probe  
  72  7:23  Zealot x4, Probe  
  72  7:26  Zealot  
  83  7:50  Nexus  
  65  8:52  Stalker x5  
Show
View Real Time Build Order
Export as new Build Order

TGMS Zerg 

Build Orders: Pool First, Zergling Baneling 

Get SALT Encoding   

  12  0:00  Drone  
  13  0:08  Drone  
  14  0:16  Overlord  
  14  0:34  Drone  
  14  0:35  Drone x2  
  17  0:39  Extractor  
  16  0:50  Drone  
  16  0:51  Spawning Pool  
  16  0:58  Drone  
  17  1:09  Drone  
  18  1:21  Drone  
  19  1:34  Drone  
  19  1:39  Queen  
  22  1:42  Overlord  
  22  1:53  Extractor  
  21  1:58  Overlord  
  21  2:01  Zergling x2  
  22  2:15  Drone  
  23  2:24  Hatchery  
  23  2:25  Drone  
  23  2:26  Baneling Nest  
  22  2:33  Queen  
  22  2:36  Drone  
  25  2:46  Drone  
  26  2:52  Drone  
  26  2:53  Zergling x4  
  29  3:01  Drone  
  29  3:04  Roach Warren  
  29  3:25  Zergling x8  
  33  3:38  Drone x2  
  35  3:43  Baneling x12  
  35  3:44  Baneling x2  
  35  3:51  Lair  
  35  3:52  Zergling x4  
  35  3:54  Zergling x2  
  38  4:14  Baneling x2  
  38  4:22  Baneling x4  
  38  4:27  Queen  
  38  4:30  Drone  
  38  4:31  Drone x3  
  43  4:33  Overlord  
  43  4:35  Overlord  
  44  5:00  Drone x2  
  44  5:01  Drone x4  
  44  5:06  Drone x5  
  47  5:24  Zergling x2  
  47  5:25  Zergling x10  
  51  5:33  Drone, Extractor  
  51  5:35  Drone, Extractor  
  52  5:39  Centrifugal Hooks  
  52  5:41  Zergling x2  
  52  5:48  Zergling x2  
  53  5:52  Baneling  
  53  5:53  Baneling x11  
  53  5:59  Drone  
  53  6:00  Drone  
  53  6:01  Drone  
  53  6:02  Drone x2  
  53  6:03  Overlord  
  58  6:16  Baneling  
  58  6:17  Baneling x3  
  58  6:35  Drone  
  58  6:36  Infestation Pit  
  58  6:48  Roach x4  
  58  6:49  Roach  
  58  6:51  Overlord x6  
  64  7:21  Roach  
  64  7:22  Roach x6  
  74  7:36  Hatchery  
  73  7:46  Zergling x2  
  73  7:50  Roach x6  
  84  8:05  Roach x3  
  84  8:06  Roach x2  
  76  8:14  Zergling x2  
  64  8:30  Roach  
  64  8:31  Roach x2  
  63  8:47  Roach x3  
  57  8:59  Roach  
  57  9:00  Roach x4  
Show
View Real Time Build Order
Export as new Build Order

kxcl Terran 

Build Orders:  

Get SALT Encoding   

  12  0:00  SCV  
  13  0:12  SCV  
  14  0:34  Supply Depot  
  14  0:36  SCV  
  15  0:55  SCV  
  16  1:07  SCV  
  16  1:08  Barracks  
  17  1:18  Refinery  
  17  1:19  Supply Depot  
  17  1:20  SCV  
  18  1:32  SCV  
  19  1:43  Refinery  
  19  1:44  SCV  
  20  1:50  Supply Depot  
  20  1:56  Marine, SCV  
  22  2:08  SCV  
  23  2:14  Marine  
  24  2:20  SCV  
  25  2:27  Engineering Bay  
  25  2:32  Marine, SCV  
  25  2:34  Factory  
  27  2:49  Marine  
  28  2:54  Ghost Academy  
  28  3:08  Reaper  
  29  3:23  Command Center  
  29  3:30  SCV  
  30  3:39  Marine  
  31  3:42  SCV  
  32  3:54  SCV  
  33  4:05  Supply Depot  
  33  4:06  SCV  
  34  4:18  SCV  
  35  4:28  Supply Depot  
  35  4:35  SCV x2  
  37  4:47  SCV x2  
  37  4:51  Supply Depot  
  39  4:59  SCV x2  
  40  5:11  SCV x2  
  42  5:15  Supply Depot  
  42  5:21  Starport  
  42  5:23  SCV x2  
  44  5:35  SCV x2  
  45  5:37  Refinery  
  45  5:39  Supply Depot  
  46  5:47  SCV x2  
  48  5:58  Starport  
  48  5:59  SCV  
  48  6:00  Refinery, SCV  
  48  6:01  Armory  
  48  6:02  Supply Depot  
  50  6:27  Starport Reactor  
  50  6:32  SCV x2  
  52  6:35  Starport  
  52  6:41  Command Center  
  52  6:44  SCV x2  
  54  6:56  SCV x2  
  56  7:07  Starport Reactor  
  56  7:08  SCV  
  56  7:09  SCV  
  56  7:12  Starport Reactor  
  56  7:13  Starport  
  56  7:14  Viking x2  
  62  7:20  SCV  
  62  7:21  SCV  
  64  7:33  SCV x2  
  66  7:44  Viking x2  
  66  7:45  SCV x2  
  67  7:57  SCV x2  
  63  8:09  SCV x2  
  63  8:14  Viking x2  
  50  8:33  Marine  
  40  8:36  Viking  
  40  8:37  Viking x4  
  48  8:44  Viking x2  
  52  8:51  Marine  
Tags
 
Add a new tag
Caveats
  • Supply blocks, unpowered buildings, or Contaminate may cause inaccurate times.
  • Supply counts are checked every 10 seconds.